Match 41692334
Unlisted

Match 41692334
End
Kradschützen Motorcycle Team
Kradschützen Motorcycle Team
250 Light Carrier
Construct Light Support Kompanie
Combat Half-tracks
Assault Grenadier Squad
Fire Support Elements
Panzerjäger Squad
Veteran Squad Leaders
Selects Italian Infantry
Selects Guastatori Squad
Panzerjäger Mechanized Group
Guastatori Squad
Guastatori Squad
Selects Registered Artillery
Selects Towed Cannone da 105/28 Field Howitzer
Towed Cannone da 105/28 Field Howitzer
Registered Artillery
Assault Mechanized Group
Selects Defensive Operations
Registered Artillery
Construct Panzerarmee Kommand
Registered Artillery
Registered Artillery
Panzer III L Medium Tank
Panzer III L Medium Tank
Selects Prepared Positions
Darkchyld95
SpaceNation
DrewP
Dillbro
0
0

Comments sign in to comment!

No comments posted yet!